 Dungeon Crawl Stone Soup version 0.22-a0-305-gd21a89c (webtiles) character file.

2452 Amnesiac the Thrower (level 9, 0/41 HPs)
             Began as a Spriggan Gladiator on Mar 31, 2018.
             Was a Believer of Okawaru.
             Killed from afar by Dowan (12 damage)
             ... with a wand of flame (17)
             ... on level 4 of the Dungeon.
             The game lasted 00:19:32 (9707 turns).

Amnesiac the Thrower (Spriggan Gladiator)           Turns: 9707, Time: 00:19:32

Health: 0/41       AC:  2    Str: 13    XL:     9   Next: 25%
Magic:  12/12      EV: 24    Int:  9    God:    Okawaru [**....]
Gold:   621        SH:  0    Dex: 18    Spells: 8/8 levels left

rFire    . . .     SeeInvis +   a - +0 rapier
rCold    . . .     Gourm    .   (shield restricted)
rNeg     . . .     Faith    .   x - +0 robe
rPois    .         Spirit   .   c - +0 hat
rElec    .         Reflect  .   (no cloak)
rCorr    .         Harm     .   (gloves unavailable)
MR       +....                  (boots unavailable)
Stlth    ++........             (no amulet)
HPRegen  0.13/turn              (no ring)
MPRegen  0.13/turn              (no ring)

@: confused, very quick
A: very small, unfitting armour, see invisible, herbivore, speed 3, slow
metabolism 2
a: Heroism, Renounce Religion


You were on level 4 of the Dungeon.
You worshipped Okawaru.
Okawaru was pleased with you.
You were not hungry.

You visited 2 branches of the dungeon, and saw 8 of its levels.
You also visited: Ossuary.

You collected 621 gold pieces.

Inventory:

Hand Weapons
 a - a +0 rapier (weapon)
 b - a +0 hunting sling
 o - a +0 dagger of protection
Missiles
 e - 37 poisoned needles
 m - 129 stones (quivered)
 p - 55 sling bullets
 r - 2 curare-tipped needles
Armour
 c - a +0 hat (worn)
 x - a +0 robe (worn)
Scrolls
 h - 3 scrolls of enchant weapon {!r, unknown}
 i - 3 scrolls of remove curse {!r}
 j - 3 scrolls of immolation {!r}
 l - 2 scrolls of magic mapping {!r}
 q - a scroll of enchant armour {!r, unknown}
 s - 2 scrolls of amnesia {!r, unknown}
 t - a scroll of identify {!r}
 y - 2 scrolls of silence {!r}
Potions
 g - a potion of curing {!q}
 k - 4 potions of brilliance {!q}
 n - a potion of resistance {!q}
 u - a potion of heal wounds {!q}
 v - a potion of might {!q}
 A - a potion of cancellation {!q}
 B - 2 potions of flight {!q, unknown}
 C - a potion of agility {!q}
Comestibles
 f - 17 rations


   Skills:
 - Level 1.5 Fighting
 * Level 7.6 Short Blades
 - Level 8.0 Throwing
 + Level 7.7 Dodging
 + Level 7.6 Stealth
 + Level 2.7 Invocations
   Level 2.0 Evocations


You had 8 spell levels left.
You didn't know any spells.

Dungeon Overview and Level Annotations

Branches:
Dungeon (7/15)             Temple (1/1) D:6

Altars:
Ashenzari
Dithmenos
Fedhas
Hepliaklqana
Makhleb
Nemelex Xobeh
Okawaru
Qazlal
Ru
Sif Muna
Trog
Uskayaw
Vehumet
Wu Jian
Xom

Annotations:
D:4 Dowan, Duvessa


Innate Abilities, Weirdness & Mutations

You are very small and have problems with some larger weapons.
You are too small for most types of armour.
You have supernaturally acute eyesight. (SInv)
You are a herbivore.
You cover ground extremely quickly.
You need to consume almost no food.


Message History

There is a stone staircase leading up here.
You climb upwards.
There is a stone staircase leading down here.
You start resting.
HP restored.
Done exploring.
Done exploring.
You start resting.
HP restored.
You climb downwards.
Level annotation: Dowan, Duvessa Duvessa completely misses you.
Duvessa closely misses you.
There is a stone staircase leading up here.
You barely miss Duvessa.
Duvessa is lightly wounded.
Dowan says, "My weaknesses are her strengths!"
Duvessa closely misses you.
You closely miss Duvessa.
Duvessa is lightly wounded.
You barely miss Duvessa.
Duvessa is lightly wounded.
Duvessa hits you with a short sword.
You hit Duvessa but do no damage.
Duvessa is lightly wounded.
Duvessa misses you. Dowan casts a spell at you. The puff of flame misses you.
The puff of flame hits Duvessa.
You hit Duvessa.
Duvessa is moderately wounded.
Duvessa says, "Beauty is only skin deep, and my weapons penetrate much further than that."
Duvessa hits you with a short sword.
Okay, then.
You hit Duvessa but do no damage.
Duvessa is moderately wounded.
Duvessa completely misses you.
Dowan gestures wildly while chanting.
Dowan blinks!
You puncture Duvessa!
Duvessa is severely wounded.
Duvessa hits you with a short sword!
You hit Duvessa but do no damage.
Duvessa is heavily wounded.
You barely miss Duvessa.
Duvessa is heavily wounded.
Duvessa says, "I don't care about looks, I care about technique!"
Duvessa misses you.
You puncture Duvessa!
Duvessa is almost dead.
Duvessa misses you.
Dowan zaps a wand.
The puff of flame hits you!
You hit Duvessa but do no damage.
Duvessa is almost dead.
Duvessa completely misses you. Dowan casts a spell at you.
The puff of flame hits you!
* * * LOW HITPOINT WARNING * * *
Really quaff
z - an emerald potion {!q}?
It was a potion of ambrosia {!q}.
You are confused.
You feel invigorated. Dowan gestures at you while chanting.
The puff of flame hits you!
* * * LOW HITPOINT WARNING * * *
Dowan zaps a wand.
The puff of flame hits you!
You die...

#.####.# ##.###.....#..........
#.# #.# #.# #.....#....(..(.. #.#
#.# ####.###.....#.....(.<.. #.#
#.# #.....##.....#######)(#.
#.####.###.....######## #W(#.
#...(.((#......# #..#.
#..............# #..#.
#.(....(...(..################(((
#[#..#(#..(..(
###..#(#.......................##


You could see Duvessa and Dowan.

Vanquished Creatures
  Sigmund (D:4)
  A hungry ghost (D:4)
  A water moccasin (D:6)
  A sky beast (D:6)
  A phantom (D:6)
  2 centaurs (D:5)
  The ghost of xccam the Chopper, an amateur FoFi (D:3)
  3 ogres
  2 bullfrogs (D:6)
  A gnoll sergeant (D:6)
  A scorpion (D:2)
  A water moccasin skeleton (D:5)
  A howler monkey (D:4)
  A crimson imp (D:6)
  A quasit (D:6)
  3 hounds
  2 jellies
  6 orc wizards
  3 orc priests
  A centaur skeleton (D:6)
  An iguana (D:4)
  Natasha (D:3)
  7 worker ants
  8 mummies (Ossuary)
  9 gnolls
  4 adders
  A shadow imp (D:6)
  3 oozes
  An adder skeleton (D:4)
  3 worms
  3 dart slugs
  3 leopard geckos
  18 orcs
  2 giant cockroaches
  A gnoll zombie (Ossuary)
  7 goblins
  8 hobgoblins
  3 jackals (D:1)
  A quokka (D:2)
  A ball python (D:4)
  6 bats
  7 frilled lizards
  2 hobgoblin zombies (Ossuary)
  7 kobolds
  3 kobold zombies (Ossuary)
  2 orc zombies (Ossuary)
  4 rats
150 creatures vanquished.

Notes
Turn   | Place    | Note
-------+----------+-------------------------------------------
     0 | D:1      | Amnesiac the Spriggan Gladiator began the quest for the Orb.
     0 | D:1      | Reached XP level 1. HP: 10/10 MP: 2/2
   256 | D:2      | Reached XP level 2. HP: 8/14 MP: 3/3
  1074 | D:2      | Reached XP level 3. HP: 18/18 MP: 4/4
  1104 | D:3      | Noticed Natasha
  1162 | D:2      | Found a deep blue altar of Sif Muna.
  1275 | D:2      | Found an ornate altar of the Wu Jian Council.
  1289 | D:2      | Noticed a scorpion
  1297 | D:2      | Killed a scorpion
  1297 | D:2      | Reached skill level 5 in Dodging
  1297 | D:2      | Reached XP level 4. HP: 22/22 MP: 5/5
  1386 | D:3      | Noticed xccam's ghost (amateur FoFi)
  1449 | D:4      | Noticed Sigmund
  1485 | D:4      | Killed Sigmund
  1485 | D:4      | Reached skill level 5 in Short Blades
  1485 | D:4      | Reached skill level 5 in Stealth
  1485 | D:4      | Reached XP level 5. HP: 25/25 MP: 6/6
  1485 | D:4      | Reached XP level 6. HP: 30/30 MP: 7/7
  1645 | D:4      | Found a shattered altar of Ashenzari.
  1692 | D:4      | Noticed Duvessa
  1692 | D:4      | Noticed Dowan
  2068 | D:4      | You fall through a shaft for 3 floors!
  2292 | D:6      | Found a radiant altar of Vehumet.
  2292 | D:6      | Found a hazy altar of Hepliaklqana.
  2695 | D:5      | Entered Level 5 of the Dungeon
  2724 | D:6      | Found a staircase to the Ecumenical Temple.
  2730 | Temple   | Entered the Ecumenical Temple
  2914 | Temple   | Became a worshipper of Warmaster Okawaru
  3191 | D:5      | Reached XP level 7. HP: 24/33 MP: 9/9
  3199 | D:5      | Reached skill level 3 in Throwing
  3258 | D:5      | Found a sand-covered staircase.
  3266 | Ossuary  | Entered an ossuary
  3861 | Ossuary  | Reached skill level 4 in Throwing
  4254 | D:4      | Found a burning altar of Makhleb.
  5016 | D:1      | Reached skill level 5 in Throwing
  5928 | D:3      | Killed Natasha
  5951 | D:3      | Killed xccam's ghost
  5951 | D:3      | Reached * piety under Okawaru
  5973 | D:3      | Found a hide-covered altar of Uskayaw.
  6163 | D:4      | Reached skill level 6 in Throwing
  6219 | D:5      | Reached XP level 8. HP: 18/37 MP: 7/10
  6630 | D:6      | Reached skill level 7 in Throwing
  7399 | D:6      | Reached skill level 8 in Throwing
  7627 | D:6      | Reached ** piety under Okawaru
  7830 | D:6      | Reached skill level 1 in Invocations
  8650 | D:6      | Reached XP level 9. HP: 41/41 MP: 11/11
  9707 | D:4      | Killed from afar by Dowan

Vault maps used:
D:1:      evilmike_arrival_hilbert_curve
D:2:      nicolae_overflow_crystal_walls, led_sif_pool,
          kennysheep_generic_room_10
D:3:      eat_drink_and_be_merry_uskayaw, first_ration, uniq_natasha
D:4:      cheibrodos_ashenzari_chains, makhleb_heckhound_becter, uniq_duvessa,
          uniq_sigmund
D:5:      nicolae_ossuary_entry_plus, basic_altar
D:6:      gammafunk_temple_overflow_elements, minmay_temple_entry_overgrown
D:7:      lemuel_mausoleum_altar_yredelemnul, kiku_gazebo_garden_becter,
          nicolae_overflow_hidden_temple
Temple:   grunt_temple_mini_profane
Ossuary:  ossuary_tomb_3

Skill      XL: |  1  2  3  4  5  6  7  8 |
---------------+-------------------------+-----
Stealth        | 3 4 5 6 7 |  7.6
Short Blades   | 4 5 6 7 |  7.6
Dodging        | 5 6 7 |  7.7
Evocations     | 2 |  2.0
Throwing       | 6 8 |  8.0
Invocations    | 2 |  2.7
Fighting       | |  1.5

Action                   |  1- 3 |  4- 6 |  7- 9 || total
-------------------------+-------+-------+-------++-------
Melee: Rapier            |    65 |     5 |   499 ||   569
       Dagger            |       |    57 |     9 ||    66
       Punch             |       |       |     1 ||     1
 Fire: Hunting sling     |       |       |   242 ||   242
Throw: Throwing net      |       |     1 |     3 ||     4
       Tomahawk          |       |       |     3 ||     3
Invok: Heroism           |       |       |     1 ||     1
Evoke: Wand              |       |     1 |    15 ||    16
  Use: Scroll            |       |     2 |    10 ||    12
       Potion            |       |       |     9 ||     9
 Stab: Sleeping          |     7 |     7 |     9 ||    23
       Distracted        |       |       |     1 ||     1
  Eat: Ration            |       |       |     4 ||     4
Armor: Robe              |     9 |     3 |    24 ||    36
       Skin              |       |       |    68 ||    68
Dodge: Dodged            |    53 |    51 |   471 ||   575

Table legend:
 A = Spawn XP
 B = Non-spawn XP
 C = Spawn XP percentage of total XP
 D = Spawn monster count
 E = Non-spawn monster count
 F = Spawn count percentage of total count
 G = Total turns spent on level
                    A         B        C        D         E        F      G
               +---------+---------+-------+---------+---------+-------+---------
         Total |       0 |    3504 |   0.0 |       0 |     150 |   0.0 |  9707
               +---------+---------+-------+---------+---------+-------+---------
           D:1 |       0 |      44 |   0.0 |       0 |      24 |   0.0 |  1053
           D:2 |       0 |     159 |   0.0 |       0 |      23 |   0.0 |  1549
           D:3 |       0 |     231 |   0.0 |       0 |      18 |   0.0 |   875
           D:4 |       0 |     902 |   0.0 |       0 |      14 |   0.0 |  1523
           D:5 |       0 |     588 |   0.0 |       0 |      17 |   0.0 |   591
           D:6 |       0 |    1313 |   0.0 |       0 |      37 |   0.0 |  2802
           D:7 |       0 |     113 |   0.0 |       0 |       1 |   0.0 |   163
       Ossuary |       0 |     154 |   0.0 |       0 |      16 |   0.0 |   738
               +---------+---------+-------+---------+---------+-------+---------
